 Dungeon Crawl Stone Soup version 0.30-a0-808-g6e0788376e (webtiles) character file.

Game seed: 4671315310803331437

10213 Nacht the Thaumaturge (level 12, -8/106 HPs)
             Began as a Meteoran Earth Elementalist on Feb 27, 2023.
             Was a Priest of Kikubaaqudgha.
             Shot with an arrow by a centaur warrior (22 damage)
             ... on level 11 of the Dungeon.
             The game lasted 00:19:23 (5312 turns).

Nacht the Thaumaturge (Meteoran Earth Elementalist) Turns: 5312, Time: 00:19:23

Health: -8/106     AC:  5    Str: 10    XL:     12   Next: 16%
Magic:  9/28       EV: 12    Int: 22    God:    Kikubaaqudgha [***...]
Gold:   831        SH:  0    Dex: 21    Spells: 13/34 levels left

rFire   . . .      SeeInvis .    m - +2 dagger (drain)
rCold   . . .      Faith    .    (no shield)
rNeg    . . .      Spirit   .    K - +0 troll leather armour
rPois   .          Reflect  .    (no helmet)
rElec   .          Harm     .    A - +0 cloak
rCorr   .          Rampage  .    (no gloves)
Will    +....                    (no boots)
Stlth   +                        x - amulet of regeneration
HPRegen 1.97/turn                j - +6 ring of dexterity
MPRegen 0.21/turn                (no ring)

@: glowing
A: sense surroundings 2, otherworldly, glowing, explore regen
a: Renounce Religion, Unearth Wretches


You were on level 11 of the Dungeon.
You worshipped Kikubaaqudgha.
Kikubaaqudgha was most pleased with you.
You visited 2 branches of the dungeon, and saw 12 of its levels.
You also visited: Bailey.

You collected 831 gold pieces.

Inventory:

Hand Weapons
 m - a +2 dagger of draining (weapon)
 q - a +4 dagger of venom
Missiles
 J - 2 poisoned darts
Armour
 a - a +0 robe
 w - a +1 leather armour of cold resistance
 A - a +0 cloak (worn)
 K - a +0 troll leather armour (worn)
Jewellery
 j - a +6 ring of dexterity (left hand)
 l - an amulet of reflection
 x - an amulet of regeneration (around neck)
 E - an amulet of magic regeneration
Wands
 v - a wand of polymorph (2)
 y - a wand of digging (5)
 F - a wand of iceblast (5)
Scrolls
 b - 2 scrolls of enchant armour {unknown}
 c - 4 scrolls of fog {unknown}
 e - 6 scrolls of identify {unknown}
 g - 3 scrolls of magic mapping {unknown}
 k - 4 scrolls of vulnerability {unknown}
 o - 5 scrolls of teleportation {unknown}
 r - a scroll of noise {unknown}
 u - a scroll of poison {unknown}
 B - a scroll of torment {unknown}
 C - 2 scrolls of blinking {unknown}
Potions
 d - a potion of attraction {unknown}
 f - a potion of degeneration {unknown}
 h - a potion of heal wounds
 i - 4 potions of curing
 n - a potion of lignification {unknown}
 p - 4 potions of might {unknown}
 s - a potion of berserk rage {unknown}
 t - 2 potions of haste {unknown}
 z - a potion of cancellation {unknown}
 D - a potion of invisibility
 G - a potion of ambrosia {unknown}
 H - 2 potions of flight
 I - a potion of resistance {unknown}


   Skills:
 - Level 10.0 Fighting
 - Level 2.4 Dodging
 - Level 1.4 Stealth
 - Level 11.5 Spellcasting
 - Level 2.0 Conjurations
 - Level 11.3 Necromancy
 - Level 1.2 Transmutations
 + Level 4.0 Ice Magic
 - Level 7.0 Earth Magic


You had 13 spell levels left.
You knew the following spells:

 Your Spells              Type           Power      Damage    Failure   Level
a - Borgnjor's Vile Clut  Necr/Erth      26%        N/A       4%          5
b - Stone Arrow           Conj/Erth      64%        3d11      3%          3
e - Sandblast             Erth           86%        2d18      1%          1
p - Passwall              Tmut/Erth      25%        N/A       1%          2
s - Anguish               Hex/Necr       18%        N/A       7%          4
t - Sublimation of Blood  Necr           58%        N/A       1%          2
u - Dispel Undead         Necr           58%        3d21      1%          4

Your spell library contained the following spells:

 Spells                   Type           Power      Damage    Failure   Level
 Necrotise                Necr           100%       1d9       1%          1
 Vampiric Draining        Necr           58%        2d10      1%          3
 Agony                    Necr           58%        N/A       1%          5
 Cigotuvi's Dreadful Rot  Necr/Pois/Air  58%        N/A       2%          2
 Ensorcelled Hibernation  Hex/Ice        42%        N/A       4%          2
 Petrify                  Tmut/Erth      30%        N/A       13%         4
 Spider Form              Tmut/Pois      15%        N/A       16%         3
 Vhi's Electric Charge    Tloc/Air       24%        N/A       22%         3
 Olgreb's Toxic Radiance  Pois           12%        N/A       56%         4
 Arcjolt                  Conj/Air       8%         1d18      78%         5
 Ozocubu's Refrigeration  Ice            15%        4d10      100%        7
 Ignition                 Fire           6%         3d4       100%        8
 Maxwell's Capacitive Co  Air            6%         ∞         100%        8


Dungeon Overview and Level Annotations

Branches:
Dungeon (11/15) Zot: 1271  Temple (1/1) D:7 Zot: 569  Bailey (visited)
   Lair: D:8-11         Orc: D:9-12

Altars:
Ashenzari
Cheibriados
Dithmenos
Elyvilon
Gozag
Hepliaklqana
Kikubaaqudgha
Nemelex Xobeh
Okawaru
Qazlal
Ru
Sif Muna
Trog
Vehumet
Wu Jian
Xom
Zin
The Shining One

Shops:
D:7 (   D:8 :

Annotations:
D:4 1 runed translucent door, Airmonger's ghost, amateur DsFi
Temple 2 transporters


Innate Abilities, Weirdness & Mutations

You passively map the area around you.
You are easily found by Zot.
You glow in the dark.
You regain HP and MP as you explore.


Message History

The centaur warrior struggles to escape constriction.
The centaur warrior shoots an arrow.
The arrow hits you.
Casting: Stone Arrow (mildly dangerous; 3% risk of failure)
Confirm with . or Enter, or press ? or * to list all spells.
Aiming: Stone Arrow (mildly dangerous; 3% risk of failure)
Press: ? - help, Shift-Dir - straight line, f/p - centaur warrior
Aim: a centaur warrior, wielding a +0 shortbow (severely wounded, constricted by zombie hands, 100% to hit)
The stone arrow hits the centaur warrior!
You kill the centaur warrior!
Kikubaaqudgha accepts your kill.
Your Ice Magic skill gained 2 levels and is now at level 4!
Casting: Stone Arrow (mildly dangerous; 3% risk of failure)
Confirm with . or Enter, or press ? or * to list all spells.
Aiming: Stone Arrow (mildly dangerous; 3% risk of failure)
Press: ? - help, Shift-Dir - straight line, f - centaur warrior
Aim: a centaur warrior, wielding a +0 shortbow (81% to hit)
The stone arrow hits the centaur warrior!
The centaur warrior is moderately wounded.
The centaur warrior shoots an arrow.
The arrow hits you!
* * * LOW HITPOINT WARNING * * *
You hear a shout!
Casting: Stone Arrow (mildly dangerous; 3% risk of failure)
Confirm with . or Enter, or press ? or * to list all spells.
Aiming: Stone Arrow (mildly dangerous; 3% risk of failure)
Press: ? - help, Shift-Dir - straight line, f/p - centaur warrior
Aim: a centaur warrior, wielding a +0 shortbow (moderately wounded, 81% to hit)
The stone arrow hits the centaur warrior!!
The centaur warrior is severely wounded.
The centaur warrior shoots an arrow.
The arrow hits you!!
* * * LOW HITPOINT WARNING * * *
Casting: Stone Arrow (mildly dangerous; 3% risk of failure)
Confirm with . or Enter, or press ? or * to list all spells.
Aiming: Stone Arrow (mildly dangerous; 3% risk of failure)
Press: ? - help, Shift-Dir - straight line, f/p - centaur warrior
Aim: a centaur warrior, wielding a +0 shortbow (severely wounded, 81% to hit)
The stone arrow hits the centaur warrior!
The centaur warrior is almost dead.
The centaur warrior shoots an arrow.
The arrow hits you!!
You die...
Kikubaaqudgha rasps: "You have failed me!
Welcome... death!"

# , .. ##.# *##. .. #..#
#...* ..
*#############.####..# .. ,
....................# # ,..
....................# #....
,
...................(#.##.##
,
....#.#.#.#........##......
,,
........c.@............#.##
....###)###........##.##...
*, ##
*#)).#######.#.##.#.... *
,* #.).#, , ,#...##....## ,
##'##, ##..##...... ,,
#+###8c8###+#* #......#.##
#....oco....# ,#...#..#.# ,
,#.##.....##.# #...#.##.##
,,*, ##...## , #...†......


You could see a centaur warrior.

Vanquished Creatures
  A hydra (D:8)
  A centaur warrior (D:11)
  A boulder beetle (D:11)
  3 two-headed ogres
  A gargoyle (D:11)
  2 kobold demonologists
  2 trolls (D:11)
  Sigmund (D:2)
  A wraith (D:10)
  A vampire (D:11)
  3 yaks (D:10)
  4 vampire mosquitoes
  Menkaure (D:4)
  An acid dragon (D:8)
  2 water moccasins
  2 black bears (D:9)
  2 ice beasts
  6 orc warriors
  A centaur (D:8)
  2 kobold brigands (D:9)
  4 scorpions
  4 bullfrogs
  A necrophage (D:7)
  2 gnoll sergeants
  5 wights
  9 killer bees
  3 hounds
  A jelly (D:7)
  5 orc priests
  Crazy Yiuf (D:5)
  Ijyb (D:4)
  A gnoll bouda (D:8)
  Terence (D:2)
  4 iguanas
  12 orc wizards
  Robin (D:3)
  20 gnolls
  5 adders
  2 white imps
  2 ufetubi (D:5)
  2 worms
  13 dart slugs
  27 orcs
  10 endoplasms
  3 giant cockroaches
  22 goblins
  9 hobgoblins
  4 jackals (D:1)
  6 quokkas
  8 ball pythons
  7 bats
  24 kobolds
  6 rats
263 creatures vanquished.

Vanquished Creatures (others)
  7 fungi (D:9)
  16 plants
23 creatures vanquished.

Grand Total: 286 creatures vanquished

Notes
Turn   | Place    | Note
-------+----------+-------------------------------------------
     0 | D:1      | Nacht the Meteoran Earth Elementalist began the quest for
                  | the Orb.
     0 | D:1      | Reached XP level 1. HP: 14/14 MP: 5/5
    57 | D:1      | Reached XP level 2. HP: 20/20 MP: 2/6
    77 | D:2      | Noticed Terence
    77 | D:2      | Noticed Sigmund
   259 | D:1      | Reached XP level 3. HP: 26/26 MP: 4/8
   263 | D:1      | Learned a level 3 spell: Stone Arrow
   325 | D:1      | Reached skill level 1 in Conjurations
   433 | D:1      | Reached skill level 5 in Earth Magic
   631 | D:1      | Reached XP level 4. HP: 33/33 MP: 6/9
   839 | D:2      | Killed Terence
   840 | D:2      | Reached XP level 5. HP: 30/38 MP: 6/10
   847 | D:2      | Killed Sigmund
   848 | D:2      | Reached XP level 6. HP: 8/45 MP: 1/13
   944 | D:3      | Noticed Robin
  1091 | D:3      | Reached XP level 7. HP: 45/50 MP: 10/15
  1100 | D:3      | Reached skill level 5 in Spellcasting
  1263 | D:3      | Found a hazy altar of Hepliaklqana.
  1281 | D:3      | Found a white marble altar of Elyvilon.
  1287 | D:3      | Killed Robin
  1516 | D:5      | Entered Level 5 of the Dungeon
  1798 | D:4      | Noticed Airmonger's ghost (amateur DsFi)
  1802 | D:4      | Found a runed translucent door.
  1889 | D:4      | Noticed Ijyb
  1893 | D:4      | Killed Ijyb
  1999 | D:4      | Noticed Menkaure
  2002 | D:4      | Killed Menkaure
  2003 | D:4      | Reached XP level 8. HP: 57/57 MP: 12/20
  2543 | D:5      | Found a runed translucent door.
  2544 | D:5      | Noticed Crazy Yiuf
  2548 | D:5      | Killed Crazy Yiuf
  2863 | D:6      | Reached skill level 10 in Spellcasting
  2987 | D:6      | Reached skill level 1 in Necromancy
  2987 | D:6      | Gained mutation: You passively map the area around you.
                  | [Meteoran growth]
  2987 | D:6      | Reached XP level 9. HP: 62/62 MP: 22/24
  3210 | D:6      | Noticed a kobold demonologist
  3232 | D:6      | Noticed a soul eater
  3233 | D:6      | Noticed a sixfirhy
  3234 | D:6      | Killed a kobold demonologist
  3293 | D:7      | Found Zeorat's Weapon Shoppe.
  3301 | D:7      | Reached skill level 5 in Necromancy
  3750 | D:7      | Found a staircase to the Ecumenical Temple.
  3798 | Temple   | Entered the Ecumenical Temple
  3798 | Temple   | Found a transporter.
  3798 | Temple   | Found a transporter.
  3800 | Temple   | Found a transporter.
  3800 | Temple   | Found a transporter.
  3816 | Temple   | Became a worshipper of Kikubaaqudgha
  3990 | D:8      | Reached XP level 10. HP: 19/69 MP: 21/25
  4010 | D:8      | Noticed a skeletal warrior
  4059 | D:8      | Found Mevor's Book Emporium.
  4115 | D:8      | Noticed an eight-headed hydra
  4122 | D:8      | Killed an eight-headed hydra
  4123 | D:8      | Reached skill level 10 in Necromancy
  4125 | D:8      | Noticed a two-headed ogre
  4127 | D:8      | Noticed a deep elf pyromancer
  4135 | D:8      | Killed a two-headed ogre
  4136 | D:8      | Reached skill level 5 in Fighting
  4204 | D:9      | Noticed a two-headed ogre
  4212 | D:8      | Killed a two-headed ogre
  4221 | D:8      | Reached XP level 11. HP: 16/92 MP: 3/26
  4309 | D:9      | Reached * piety under Kikubaaqudgha
  4309 | D:9      | Received a gift from Kikubaaqudgha
  4317 | D:9      | Learned a level 2 spell: Sublimation of Blood
  4320 | D:9      | Learned a level 2 spell: Passwall
  4488 | D:10     | Entered Level 10 of the Dungeon
  4499 | D:10     | Noticed a two-headed ogre
  4505 | D:10     | Killed a two-headed ogre
  4518 | D:10     | Found a bloodstained altar of Trog.
  4579 | D:10     | Reached skill level 10 in Fighting
  4640 | D:9      | Found a flagged portal.
  4652 | Bailey   | Entered a bailey
  4707 | Bailey   | Reached ** piety under Kikubaaqudgha
  4800 | Bailey   | Noticed an orc knight
  4951 | D:10     | Found a stormy altar of Qazlal.
  5115 | D:11     | Noticed a boulder beetle
  5161 | D:11     | Killed a boulder beetle
  5179 | D:11     | Found Anixautz's Jewellery Shoppe.
  5207 | D:11     | Reached XP level 12. HP: 84/106 MP: 18/28
  5217 | D:11     | Reached skill level 1 in Ice Magic
  5271 | D:11     | Reached *** piety under Kikubaaqudgha
  5271 | D:11     | Received a gift from Kikubaaqudgha
  5278 | D:11     | Learned a level 4 spell: Dispel Undead
  5283 | D:11     | Learned a level 4 spell: Anguish
  5289 | D:11     | Learned a level 5 spell: Borgnjor's Vile Clutch
  5295 | D:11     | Noticed a centaur warrior
  5296 | D:11     | Noticed a centaur warrior
  5309 | D:11     | Killed a centaur warrior
  5312 | D:11     | Shot with an arrow by a centaur warrior

Illustrated notes

Levels and vault maps discovered:
D:1:      matt_arrival_diagonals, layout_loops_ring
D:2:      layout_rooms, uniq_terence, uniq_sigmund
D:3:      kennysheep_slugbush, layout_basic, grunt_temple_overflow_open,
          uniq_robin
D:4:      layout_loops_cross, hellmonk_ghost_happy_afterlife, uniq_ijyb,
          uniq_menkaure
D:5:      layout_loops_ring, roderic_roman_lattice, minmay_misc_feat_enclosed,
          uniq_crazy_yiuf_cottage
D:6:      layout_gridville, minmay_hedge_maze, uniq_blork_the_orc
D:7:      layout_layer_cave, mainiacjoe_overflow_tiny_flanked,
          minmay_temple_entry_statues_fountains, serial_shops,
          nicolae_shop_hallway_plus
D:8:      nzn_winding_woodlands_large [nzn_winding_woodlands_5x5_default,
          nzn_winding_woodlands_5x15_lazy_stream,
          nzn_winding_woodlands_5x5_cross,
          nzn_winding_woodlands_center_triple_pond,
          nzn_winding_woodlands_15x15_boxy_spiral,
          nzn_winding_woodlands_center_garden,
          nzn_winding_woodlands_5x5_default, nzn_winding_woodlands_5x15_eye,
          nzn_winding_woodlands_5x5_checkerboard], layout_rooms,
          serial_corexii_hall, corexii_hall_statues_x,
          chequers_hall_statues_corner_a, corexii_hall_statues_l,
          corexii_hall_statues_l, serial_shops, shop
D:9:      layout_cave_pods, grunt_lair_entry_orc_guard_hut, enter_bailey_3,
          uniq_erica
D:10:     layout_loops_ring, tgw_fedhas, nicolae_uskayaw_dance_hall,
          mainiacjoe_overflow_alcove_2, bloody_trog, david_orc_4, dk_vineyard_2
D:11:     evilmike_iron_armoury, layout_rooms, nicolae_trove_entry_diagonal,
          serial_shops, nicolae_shop_trees, nrook_uturn
Temple:   hellmonk_temple_divided_pantheon

Skill      XL: |  1  2  3  4  5  6  7  8  9 10 11 12 |
---------------+-------------------------------------+-----
Earth Magic    | 4 5 7 |  7.0
Conjurations   | 1 2 |  2.0
Spellcasting   | 4 7 10 11 | 11.5
Necromancy     | 1 8 10 11 | 11.3
Fighting       | 7 10 | 10.0
Ice Magic      | 4 |  4.0
Dodging        | |  2.4
Stealth        | |  1.4
Transmutations | |  1.2

Action                     |  1- 3 |  4- 6 |  7- 9 | 10-12 || total
---------------------------+-------+-------+-------+-------++-------
  Melee: Unarmed           |     1 |     1 |       |       ||     2
         Dagger            |       |     3 |       |    29 ||    32
   Cast: Sandblast         |    51 |    53 |   146 |   117 ||   367
         Stone Arrow       |       |     3 |    17 |    90 ||   110
         Borgnjor's Vile C |       |       |       |     1 ||     1
  Evoke: Wand              |       |       |       |     7 ||     7
    Use: Potion            |     1 |     1 |       |     6 ||     8
   Stab: Paralysed         |       |       |       |    17 ||    17
 Armour: Robe              |     8 |     7 |     1 |       ||    16
         Leather armour    |       |       |    31 |    41 ||    72
  Dodge: Dodged            |    24 |    22 |    56 |   120 ||   222
  Block: Other             |       |     5 |     5 |       ||    10
         Reflection        |       |     1 |       |       ||     1

Table legend: (Time is in decaauts)
 A = Elapsed time spent in this place.
 B = Non-inter-level travel time spent in this place.
 C = Inter-level travel time spent in this place.
 D = Time resting spent in this place.
 E = Time spent auto-exploring this place.
 F = Levels seen in this place.
 G = Mean time per level.
                   A        B        C        D        E       F      G
               +--------+--------+--------+--------+--------+-----+--------+
         Total |   5532 |   5226 |    306 |     61 |   3375 |  13 |  425.5 |
       Dungeon |   5327 |   5028 |    299 |     61 |   3332 |  11 |  484.3 |
        Temple |     30 |     23 |      7 |      0 |      0 |   1 |   30.0 |
        Bailey |    174 |    174 |      0 |      0 |     43 |   1 |  174.0 |
               +--------+--------+--------+--------+--------+-----+--------+

Top non-repeatable levels by time:
     D:5: 746 daAuts
     D:1: 719 daAuts
     D:4: 589 daAuts
     D:7: 537 daAuts
     D:3: 502 daAuts
     D:6: 499 daAuts
     D:9: 443 daAuts
     D:8: 427 daAuts
     D:2: 343 daAuts
    D:11: 261 daAuts
    D:10: 258 daAuts
  Bailey: 174 daAuts
  Temple: 30 daAuts
